 Dungeon Crawl Stone Soup version 0.23-a0-26-g9187234747 (webtiles) character file.

878 Htamos the Conjurer (level 8, -3/54 HPs)
             Began as an Octopode Wizard on Aug 3, 2018.
             Slain by an orc warrior
             ... wielding a +0 scimitar
              (16 damage)
             ... on level 6 of the Dungeon.
             The game lasted 00:10:55 (8419 turns).

Htamos the Conjurer (Octopode Wizard)               Turns: 8419, Time: 00:10:56

Health: -3/54      AC:  2    Str:  6    XL:     8   Next: 4%
Magic:  10/14      EV: 10    Int: 22    God:
Gold:   221        SH:  6    Dex: 11    Spells: 15/16 levels left

rFire    . . .     SeeInvis .   t - +3 dagger (venom)
rCold    . . .     Gourm    .   q - +0 shield
rNeg     . . .     Faith    .   a - +1 hat
rPois    .         Spirit   .   (no amulet)
rElec    .         Reflect  .   (no ring)
rCorr    .         Harm     .   (no ring)
MR       .....                  (no ring)
Stlth    +++.......             (no ring)
HPRegen  0.18/turn              (no ring)
MPRegen  0.14/turn              (no ring)
                                (no ring)
                                (no ring)

@: no status effects
A: almost no armour, stealthy swim, amphibious, 8 rings, constrict 8, camouflage
1, gelatinous body 1
a: no special abilities


You were on level 6 of the Dungeon.
You were not hungry.

You visited 1 branch of the dungeon, and saw 7 of its levels.

You collected 364 gold pieces.
You spent 143 gold pieces at shops.

Inventory:

Hand Weapons
 r - a +0 long sword
 t - a +3 dagger of venom (weapon)
 v - a +0 rapier
Missiles
 w - 5 tomahawks (quivered)
Armour
 a - a +1 hat (worn)
 q - a +0 shield (worn)
Jewellery
 s - an uncursed ring of fire
 u - an uncursed ring of positive energy {unknown}
Scrolls
 b - 2 scrolls of teleportation
 d - a scroll of enchant weapon {unknown}
 f - a scroll of random uselessness {unknown}
 k - a scroll of fog
 l - 3 scrolls of blinking {unknown}
 o - a scroll of immolation {unknown}
 p - 3 scrolls of fear
Potions
 e - 3 potions of curing
 g - a potion of invisibility {unknown}
 h - 2 potions of haste
 i - 2 potions of berserk rage
 j - a potion of agility {unknown}
 m - 2 potions of flight {unknown}
 n - a potion of might {unknown}
Comestibles
 c - 6 rations


   Skills:
 * Level 4.6 Fighting
 - Level 2.0 Dodging
 - Level 2.8 Stealth
 + Level 1.6 Shields
 + Level 4.6 Spellcasting
 * Level 5.5 Conjurations
   Level 1.0 Summonings
   Level 1.0 Translocations
   Level 1.5 Evocations


You had 15 spell levels left.
You knew the following spells:

 Your Spells              Type           Power        Failure   Level  Hunger
a - Magic Dart            Conj           ####         6%          1    None

Your spell library contained the following spells:

 Spells                   Type           Power        Failure   Level  Hunger
 Conjure Flame            Conj/Fire      ###.....     50%         3    ##.....
 Slow                     Hex            #.......     65%         2    None
 Mephitic Cloud           Conj/Pois/Air  ##......     63%         3    ##.....
 Blink                    Tloc           N/A          52%         2    None
 Call Imp                 Summ           #.......     52%         2    None


Dungeon Overview and Level Annotations

Branches:
Dungeon (7/15)
 Temple: D:4-7

Altars:
Ashenzari
Elyvilon
Okawaru
Beogh

Shops:
D:4 }   D:5 :

Annotations:
D:4 3 runed doors, NeAGen181's ghost, amateur HOFi
D:5 Pikel


Innate Abilities, Weirdness & Mutations

You cannot wear most types of armour.
You are very stealthy in the water. (Stealth+)
You are amphibious.
You can wear up to eight rings at the same time.
You can use your tentacles to constrict eight enemies at once.
Your skin changes colour to match your surroundings (Stealth+).
Your rubbery body absorbs attacks. (AC +1, EV +1)


Message History

Press: ? - help, Shift-Dir - straight line, f/p - orc warrior
Aim: an orc warrior, wielding a scimitar and wearing a chain mail (moderately wounded, constricted by you)
The magic dart hits the orc warrior.
The orc warrior is moderately wounded.
You constrict the orc warrior. The orc warrior closely misses you.
Casting: Magic Dart (safe; 6% risk of failure)
Confirm with . or Enter, or press ? or * to list all spells.
Aiming: Magic Dart (safe; 6% risk of failure)
Press: ? - help, Shift-Dir - straight line, f/p - orc warrior
Aim: an orc warrior, wielding a scimitar and wearing a chain mail (moderately wounded, constricted by you)
The magic dart hits the orc warrior.
The orc warrior is moderately wounded.
You constrict the orc warrior, but do no damage.
The orc warrior hits you with a scimitar!!
* * * LOW HITPOINT WARNING * * *
You release your grip on the orc warrior.
There is an open door here.
You feel better.
The orc warrior hits you with a scimitar!
You die...

#.......# #........#.# #.#
#...<...# #..........# #.#
#.......########.......#..#
#.#
#######...................#
#.# #####...........###.###.##
#...'...........+.........
#####.###...........####.##.##
##.............####### #.##.#
#.........####@# #.##.#
#.........# #o###### #.(#.#
#.........# #......# ##.#.#
#..[......# #......# #.#.#
#.........# #......# #...#
#.........# #......# ##..#
#.........# #......# #..#
########### #......# ##.#
#####......###### #.#


You could see an orc warrior.

Vanquished Creatures
  Eustachio (D:5)
  An ice beast (D:6)
  A slave (D:5)
  An ogre (D:5)
  2 bullfrogs (D:7)
  A jelly (D:6)
  A crimson imp (D:5)
  2 bullfrog zombies
  A hound (D:4)
  2 orc wizards (D:6)
  An orc priest (D:6)
  A worker ant (D:4)
  6 adders
  3 gnolls (D:5)
  A worm (D:4)
  A dart slug (D:1)
  2 leopard geckos
  9 orcs
  3 ball pythons
  8 bats
  5 goblins
  8 hobgoblins
  10 jackals
  A quokka (D:3)
  4 frilled lizards
  A giant cockroach zombie (D:6)
  15 kobolds
  7 rats
99 creatures vanquished.

Vanquished Creatures (others)
  10 toadstools (D:7)
10 creatures vanquished.

Grand Total: 109 creatures vanquished

Notes
Turn   | Place    | Note
-------+----------+-------------------------------------------
     0 | D:1      | Htamos the Octopode Wizard began the quest for the Orb.
     0 | D:1      | Reached XP level 1. HP: 11/11 MP: 4/4
   292 | D:1      | Reached XP level 2. HP: 17/17 MP: 3/6
   573 | D:1      | Reached skill level 2 in Conjurations
   983 | D:1      | Reached XP level 3. HP: 21/21 MP: 3/7
  1787 | D:2      | Found an iron altar of Okawaru.
  2050 | D:2      | Reached skill level 1 in Fighting
  2050 | D:2      | Reached XP level 4. HP: 28/28 MP: 1/9
  2374 | D:2      | Found a faded altar of an unknown god.
  2925 | D:3      | Reached skill level 3 in Conjurations
  3707 | D:3      | Reached XP level 5. HP: 34/34 MP: 7/10
  4821 | D:4      | Found a runed gate.
  4822 | D:4      | Found a runed gate.
  4823 | D:4      | Found a runed gate.
  4824 | D:4      | Noticed NeAGen181's ghost (amateur HOFi)
  4833 | D:4      | Found a roughly hewn altar of Beogh.
  5199 | D:4      | Found Okis Hytisk's Gadget Shoppe.
  5218 | D:4      | Bought a wand of iceblast (7) for 143 gold pieces
  5450 | D:5      | Entered Level 5 of the Dungeon
  5514 | D:5      | Reached XP level 6. HP: 41/41 MP: 3/11
  5517 | D:5      | Noticed Eustachio
  5523 | D:5      | Killed Eustachio
  5523 | D:5      | Reached skill level 4 in Conjurations
  5523 | D:5      | Reached skill level 1 in Evocations
  5773 | D:5      | Found Qideinn's Book Shop.
  5776 | D:5      | Noticed a slave
  5777 | D:5      | Noticed Pikel
  5835 | D:5      | Killed a slave
  5906 | D:5      | Reached XP level 7. HP: 19/46 MP: 13/13
  6255 | D:5      | Found a white marble altar of Elyvilon.
  6255 | D:5      | Found a shattered altar of Ashenzari.
  7525 | D:6      | Reached skill level 1 in Shields
  7525 | D:6      | Reached skill level 5 in Conjurations
  8370 | D:7      | Reached XP level 8. HP: 54/54 MP: 14/14
  8419 | D:6      | Slain by an orc warrior

Vault maps used:
D:1:      sevenhm_arrival_forest_fort_large_4, serial_curves, eino_curves_04,
          eino_curves_04
D:2:      chequers_ecumenical_altar_simple, okawaru_metal_pillars_1_2
D:4:      serial_shops, shop_coins, biasface_ghost_orc_armoury, first_ration,
          minmay_tree_intersection
D:5:      gammafunk_temple_overflow_wave, minmay_temple_entry_poolview,
          serial_shops, shop_statue, uniq_eustachio, uniq_pikel
D:7:      cheibrodos_fertilizer, serial_shops, nicolae_shop_behind_doors,
          grunt_livestock, lemuel_flamethrower_1

Skill      XL: |  1  2  3  4  5  6  7 |
---------------+----------------------+-----
Conjurations   | 2 3 4 5 |  5.5
Fighting       | 1 2 3 4 |  4.6
Spellcasting   | 4 |  4.6
Evocations     | 1 |  1.5
Shields        | 1 |  1.6
Dodging        | |  2.0
Stealth        | |  2.8
Summonings     | |  1.0
Translocations | |  1.0

Action                   |  1- 3 |  4- 6 |  7- 9 || total
-------------------------+-------+-------+-------++-------
Melee: Unarmed           |    17 |     8 |       ||    25
       Constrict         |     3 |     1 |    11 ||    15
       Tentacles         |       |     2 |    11 ||    13
       Rapier            |       |     3 |     9 ||    12
       Long sword        |       |       |    18 ||    18
       Dagger            |       |       |    15 ||    15
Throw: Tomahawk          |       |     1 |       ||     1
 Cast: Magic Dart        |    86 |   126 |    56 ||   268
Evoke: Wand              |       |     6 |     1 ||     7
  Use: Scroll            |       |     5 |     5 ||    10
       Potion            |       |       |     1 ||     1
  Eat: Chunk             |     3 |    12 |     2 ||    17
       Ration            |       |       |     2 ||     2
Armor: Skin              |     5 |     1 |     2 ||     8
Dodge: Dodged            |    32 |    23 |    35 ||    90
Block: Shield            |       |       |    13 ||    13
       Rpst.: Long sword |       |       |     6 ||     6

Table legend:
 A = Spawn XP
 B = Non-spawn XP
 C = Spawn XP percentage of total XP
 D = Spawn monster count
 E = Non-spawn monster count
 F = Spawn count percentage of total count
 G = Total turns spent on level
                    A         B        C        D         E        F      G
               +---------+---------+-------+---------+---------+-------+---------
         Total |       0 |    1255 |   0.0 |       0 |      98 |   0.0 |  8419
               +---------+---------+-------+---------+---------+-------+---------
           D:1 |       0 |      45 |   0.0 |       0 |      26 |   0.0 |  1787
           D:2 |       0 |      56 |   0.0 |       0 |      18 |   0.0 |   823
           D:3 |       0 |      66 |   0.0 |       0 |      20 |   0.0 |  1357
           D:4 |       0 |     109 |   0.0 |       0 |      11 |   0.0 |  1535
           D:5 |       0 |     395 |   0.0 |       0 |       6 |   0.0 |  1369
           D:6 |       0 |     346 |   0.0 |       0 |      11 |   0.0 |  1426
           D:7 |       0 |     238 |   0.0 |       0 |       6 |   0.0 |   122
               +---------+---------+-------+---------+---------+-------+---------
